 Dungeon Crawl Stone Soup version 0.17-a0-26-g7f25774 (webtiles) character file.

52 Xen the Cudgeler (level 3, 0/36 HPs)
             Began as an Imp Berserker on Mar 7, 2015.
             Was a Follower of Trog.
             Slain by Terence
             ... wielding a +4 hand axe of electrocution
              (17 damage)
             ... on level 1 of the Dungeon.
             The game lasted 00:02:25 (1029 turns).

Xen the Cudgeler (Imp Berserker)                    Turns: 1029, Time: 00:02:25

Health: 0/36       AC:  3    Str: 21    XL:     3   Next: 60%
Magic:  3/3        EV: 19    Int:  6    God:    Trog [*.....]
Gold:   104        SH:  0    Dex: 16    Spells: 0 memorised, 2 levels left

rFire  . . .     SeeInvis .     l - +1 dagger (drain)
rCold  . . .     Clarity  .     b - +1 animal skin
rNeg   + + +     SustAb   .     (shield restricted)
rPois  ∞         Gourm    .     (helmet restricted)
rElec  .         Spirit   .     (no cloak)
rCorr  .         Warding  .     (gloves unavailable)
rMut   .         Rnd*Tele +     (boots unavailable)
MR     .....                    i - amulet of inaccuracy (curse)
Stlth  ..........               (no ring)
                                d - ring of teleportation (curse)

@: berserking, very quick, not resistant to hostile enchantments, extremely
unstealthy
A: unfitting armour, blink 2, negative energy resistance 3, regeneration 1,
screaming 3, teleportitis 2, torment resistance
a: Blink, Burn Spellbooks, Berserk, Renounce Religion, Evoke Teleportation


You were on level 1 of the Dungeon.
You worshipped Trog.
Trog was aware of your devotion.
You were hungry.

You visited 1 branch of the dungeon, and saw 2 of its levels.

You collected 104 gold pieces.

Inventory:

Hand weapons
 a - a +0 mace
 l - a +1 dagger of draining (weapon)
Armour
 b - a +1 animal skin (worn)
Jewellery
 d - a cursed ring of teleportation (left hand)
 i - a cursed amulet of inaccuracy (around neck)
Scrolls
 e - a scroll of enchant armour
 g - a scroll of identify
Potions
 h - a potion of might
 j - a potion of heal wounds {unknown}
 m - a potion of poison {unknown}
 n - a potion of curing {unknown}
Comestibles
 c - a bread ration
 f - 4 meat rations


   Skills:
 - Level 3.9 Fighting
 + Level 4.1 Maces & Flails
 - Level 1.6 Armour
 + Level 4.0 Dodging


You had 2 spell levels left.
You didn't know any spells.

Dungeon Overview and Level Annotations

Branches:
Dungeon (2/15)

Altars:
Dithmenos

Annotations:
D:1 Terence


Innate Abilities, Weirdness & Mutations

You are immune to poison.
You are tiny and cannot use many weapons and most armour.
You are good at translocating small distances at will.
You are immune to negative energy.
Your natural rate of healing is unusually fast.
You frequently scream uncontrollably at your foes.
Space sometimes distorts in your vicinity.
You are immune to unholy pain and torment.


Message History

The jackal misses you. The jackal barely misses you.
You miss the jackal.
The jackal is severely wounded.
The jackal bites you. The jackal barely misses you.
Use which ability? (? or * to list)
A red film seems to cover your vision as you go berserk!
You feel yourself moving faster!
You feel mighty!
You are feeling hungry.
The jackal completely misses you. x2
You puncture the jackal!
You kill the jackal!
Trog accepts your kill.
You closely miss Terence.
Terence is lightly wounded.
You closely miss Terence.
Terence is lightly wounded.
Terence hits you with a hand axe of electrocution!
You are electrocuted!
You die...

#..)†).....# ##.##........###
###........# #.#####..##....
#........# #..####...#####
#........# ##...##......##
#........# ###.##.#......
#........### #.##.##...##
#..........#######.##.##..... #
#######....#...#.....##.#......
###....##.##..##@@......#...#....
..##....#.###..###....#.#..##....
...##.....# ##.# #.........##....
....##....## #.###...........>...
#....##....###..##).....#.###>...
......##....###..................
#.#....###.......###.......####..
#.######.....##.).##.###...# #).
#..........######....##....# ##..


You could see Terence.

Vanquished Creatures
  Jessica (D:2)
  An adder (D:2)
  2 giant cockroaches (D:1)
  8 hobgoblins
  A jackal (D:1)
  A quokka (D:2)
  2 bats (D:1)
  3 giant newts (D:1)
  2 goblins (D:1)
  4 kobolds
  2 rats (D:1)
27 creatures vanquished.

Notes
Turn   | Place    | Note
--------------------------------------------------------------
     0 | D:1      | Xen, the Imp Berserker, began the quest for the Orb.
     0 | D:1      | Reached XP level 1. HP: 14/14 MP: 1/1
   116 | D:1      | Reached XP level 2. HP: 16/20 MP: 2/2
   667 | D:2      | Noticed Jessica
   672 | D:2      | Killed Jessica
   672 | D:2      | Reached skill level 4 in Maces & Flails
   672 | D:2      | Reached XP level 3. HP: 18/24 MP: 3/3
   695 | D:2      | Found a shadowy altar of Dithmenos.
   955 | D:2      | Noticed Terence
   958 | D:2      | HP: 1/24 [Terence/hand axe of electrocution (20)]
  1029 | D:1      | Slain by Terence

Action                   || total
-------------------------++-------
Melee: Mace              ||    66
       Dagger            ||    28
Invok: Berserk           ||     1
  Use: Scroll            ||     2
